 Dungeon Crawl Stone Soup version 0.21-a0-196-g6a663c0 (webtiles) character file.

22933 namelastname112 the Basher (level 12, -4/104 HPs)
             Began as a Grey Draconian Wanderer on Aug 15, 2017.
             Was a High Priest of Wu Jian.
             Slain by a spiny frog (23 damage)
             ... on level 2 of the Lair of Beasts.
             The game lasted 00:26:16 (15734 turns).

namelastname112 the Basher (DrWn)                  Turns: 15734, Time: 00:26:17

Health: -4/104     AC: 15    Str: 16    XL:     12   Next: 67%
Magic:  20/20      EV: 16    Int: 15    God:    Wu Jian [*****.]
Gold:   906        SH:  0    Dex: 14    Spells: 10/22 levels left

rFire    x . .     SeeInvis .   l - +10 dark maul {crush}
rCold    + . .     Gourm    .   (shield currently unavailable)
rNeg     . . .     Faith    .   (armour unavailable)
rPois    +         Spirit   .   (helmet restricted)
rElec    .         Reflect  .   m - +1 cloak
rCorr    .         Harm     .   (no gloves)
MR       .....     Clarity  +   (no boots)
Stlth    +.........             h - amulet of rage
HPRegen  0.27/turn              s - ring of poison resistance
MPRegen  0.17/turn              Y - ring of ice

@: no status effects
A: walk through water, unfitting armour, hooves 1, clarity, strong 1,
unbreathing, cold-blooded, AC +13
a: Serpent's Lash, Heavenly Storm, Renounce Religion, Evoke Berserk Rage


You were on level 2 of the Lair of Beasts.
You worshipped Wu Jian.
Wu Jian was extremely pleased with you.
You were not hungry.

You visited 3 branches of the dungeon, and saw 14 of its levels.
You also visited: Ice Cave.

You collected 906 gold pieces.

Inventory:

Hand Weapons
 d - a +2 short sword of electrocution
 l - the +10 dark maul (weapon) {crush}
   (You found it on level 7 of the Dungeon)

   It inflicts extra damage upon your enemies.
Missiles
 o - 2 throwing nets (quivered)
Armour
 m - a +1 cloak (worn)
Jewellery
 h - an amulet of rage (around neck)
 k - an uncursed ring of positive energy
 s - a ring of poison resistance (left hand)
 C - an uncursed ring of protection from cold
 N - a +3 ring of evasion
 Y - a ring of ice (right hand)
Wands
 b - a wand of confusion (30/48)
 D - a wand of disintegration (21/24)
 G - a wand of paralysis (4/24)
 L - a wand of paralysis (12/24)
 W - a wand of acid (3/15)
Scrolls
 a - 9 scrolls of identify
 c - 10 scrolls of teleportation
 e - 4 scrolls of remove curse
 g - 2 scrolls of magic mapping
 p - 2 scrolls of blinking
 v - a scroll of enchant armour
 w - a scroll of immolation {unknown}
 y - a scroll of acquirement {unknown}
 J - a scroll of vulnerability {unknown}
 O - a scroll of fog
 P - a scroll of amnesia
 S - a scroll of recharging
 U - a scroll of noise {unknown}
 V - a scroll of holy word {unknown}
Potions
 i - 2 potions of agility
 j - a potion of magic
 r - a potion of haste
 x - 2 potions of heal wounds {unknown}
 z - 3 potions of might
 B - a potion of curing
 F - 2 potions of ambrosia
 I - a potion of degeneration {unknown}
 K - 2 potions of mutation {unknown}
 R - 2 potions of flight {unknown}
 X - a potion of invisibility {unknown}
Books
 q - a book of Maledictions

   Spells                             Type                      Level
   a - Corona                         Hexes                        1
   b - Ensorcelled Hibernation        Hexes/Ice                    2
   c - Confuse                        Hexes                        3
   d - Tukima's Dance                 Hexes                        3
   e - Dazzling Spray                 Conjuration/Hexes            3
 u - a book of Changes

   Spells                             Type                      Level
   a - Beastly Appendage              Transmutation                1
   b - Sticks to Snakes               Transmutation                2
   c - Spider Form                    Transmutation/Poison         3
   d - Ice Form                       Ice/Transmutation            4
   e - Blade Hands                    Transmutation                5
 T - a book of Ice

   Spells                             Type                      Level
   a - Ice Form                       Ice/Transmutation            4
   b - Metabolic Englaciation         Hexes/Ice                    5
   c - Ozocubu's Refrigeration        Ice                          6
   d - Bolt of Cold                   Conjuration/Ice              6
   e - Freezing Cloud                 Conjuration/Ice/Air          6
   f - Simulacrum                     Ice/Necromancy               6
 Z - a book of Ice

   Spells                             Type                      Level
   a - Ice Form                       Ice/Transmutation            4
   b - Metabolic Englaciation         Hexes/Ice                    5
   c - Ozocubu's Refrigeration        Ice                          6
   d - Bolt of Cold                   Conjuration/Ice              6
   e - Freezing Cloud                 Conjuration/Ice/Air          6
   f - Simulacrum                     Ice/Necromancy               6
Comestibles
 f - 9 bread rations
 n - 23 fruits
 t - 3 meat rations
 E - 4 royal jellies
 H - 6 chunks of flesh


   Skills:
 - Level 9.3 Fighting
 + Level 14.4 Maces & Flails
   Level 1.7 Bows
 - Level 6.6 Dodging
   Level 1.0 Shields
 - Level 7.1 Unarmed Combat
 - Level 5.7 Spellcasting
 - Level 6.3 Transmutations
 - Level 1.0 Evocations


You had 10 spell levels left.
You knew the following spells:

 Your Spells              Type           Power        Failure   Level  Hunger
a - Spider Form           Tmut/Pois      ##........   12%         3    ###....
c - Ice Form              Ice/Tmut       ###.....     38%         4    ####...
x - Blade Hands           Tmut           ###.......   30%         5    ######.


Dungeon Overview and Level Annotations

Branches:
Dungeon (11/15)            Temple (1/1) D:4            Lair (2/6) D:10
    Orc (0/2) D:9
  Swamp: Lair:2-4    Shoals: Lair:2-4     Snake: Lair:2-4    Spider: Lair:2-4

Altars:
Ashenzari
Dithmenos
Elyvilon
Fedhas
Gozag
Makhleb
Nemelex Xobeh
Ru
Sif Muna
Trog
Uskayaw
Vehumet
Wu Jian
Yredelemnul
Zin

Shops:
D:8 *   D:9 (

Annotations:
D:4 Dowan


Innate Abilities, Weirdness & Mutations

You can walk through water.
Your dull iron-grey scales are very hard. (AC +13)
You cannot fit into any form of body armour.
You can survive without breathing.
You are cold-blooded and may be slowed by cold attacks.
You have large cloven feet.
You possess an exceptional clarity of mind.
Your muscles are strong. (Str +2)


Message History

The Council accepts your kill.
Something stings the plant.
Something stings the plant but does no damage.
Something stings the plant.
Something stings the plant!
Found a stone staircase leading down.
You start resting.
Something stings the plant!
You start resting.
Something stings the plant!
The plant looks as sick as possible!
Something poisons the plant!
You start resting.
Some of the chunks of flesh in your inventory have rotted away.
You regained 8 hp, and now have 32/104 hp.
A spiny frog is nearby!
A spiny frog is nearby!
You spin and attack the spiny frog.
You closely miss the spiny frog.
You tail-slap the spiny frog, but do no damage.
The spiny frog stings you!!
* * * LOW HITPOINT WARNING * * *
You take 19 damage, and have 13/104 hp.
You feel better. The spiny frog stings you!!
You die...

*** *** ###,** *##*##*
### *,, .P#,,*
*..##.####.## **,,
..#..#* *..........>#
**,,, ..#...*
*...........** *##...,
P.....* **#........#,*
##P...#* ♣....#*
*#.......#**####.....##
....#,* *,#......##
#..#......# ....#**
**#...@F..###P.........
...#*
###...##†............
...#
#..###.............
..##
#...PP............. #.#
###......##P....... ..#
##....##P........ ..#
##...##..#...... ..#
#...##..#.#..... .##
##.....#.F.#..##


You could see a spiny frog.

Vanquished Creatures
  A frost giant (IceCv)
  Fannar (Lair:2)
  Erica (D:8)
  A two-headed ogre (D:10)
  An unseen horror (D:11)
  An ugly thing (D:11)
  A wolf spider (Lair:1)
  A black mamba (Lair:2)
  An ice statue (IceCv)
  3 spiny frogs
  2 komodo dragons (Lair:1)
  A rime drake (IceCv)
  18 polar bears (IceCv)
  A hornet (Lair:1)
  3 hippogriffs
  A spriggan (D:7)
  A wyvern (D:9)
  2 basilisks (Lair:1)
  22 yaks
  An acid dragon (D:11)
  2 porcupines (Lair:1)
  Edmund (D:4)
  Duvessa (D:4)
  2 hell hounds (D:10)
  An ice beast (D:7)
  2 water moccasins
  7 orc warriors
  2 sky beasts (D:7)
  2 phantoms
  3 necrophages
  5 ogres
  19 wolves
  5 centaurs
  3 crocodiles (Lair:1)
  4 bullfrogs
  A big kobold (D:10)
  2 scorpions
  12 killer bees
  A howler monkey (D:5)
  4 electric eels (Lair:1)
  3 crimson imps
  A centaur zombie (D:6)
  2 jellies (D:7)
  5 hounds
  2 quasits
  2 bullfrog skeletons
  8 orc priests
  A gnoll shaman (D:4)
  Crazy Yiuf (D:2)
  2 iguanas
  Natasha (D:2)
  11 orc wizards
  13 worker ants
  A hound skeleton (D:9)
  A howler monkey zombie (D:9)
  Robin (D:3)
  A howler monkey skeleton (D:8)
  10 gnolls
  9 adders
  7 river rats (D:6)
  2 shadow imps
  An ooze (D:3)
  2 adder skeletons
  An adder zombie (D:5)
  3 worms
  A dart slug (D:1)
  6 leopard geckos
  24 orcs
  11 bats
  3 giant cockroaches
  20 goblins
  9 hobgoblins
  11 jackals
  7 quokkas
  5 ball pythons
  6 frilled lizards
  A giant cockroach zombie (D:6)
  A jackal skeleton (D:6)
  A jackal zombie (D:5)
  11 kobolds
  16 rats
367 creatures vanquished.

Vanquished Creatures (others)
  A polar bear (IceCv)
  A wolf (IceCv)
  An adder (Lair:1)
  3 fungi (Lair:1)
  3 plants
9 creatures vanquished.

Grand Total: 376 creatures vanquished

Notes
Turn   | Place    | Note
-------+----------+-------------------------------------------
     0 | D:1      | namelastname112 the Draconian Wanderer began the quest for the Orb.
     0 | D:1      | namelastname112 set off with: a +2 mace, a +0 shortbow, 18 arrows, a potion of lignification, a bread ration
     0 | D:1      | Reached XP level 1. HP: 22/22 MP: 1/1
   232 | D:1      | Reached XP level 2. HP: 28/28 MP: 2/2
   344 | D:1      | Reached skill level 1 in Dodging
   551 | D:1      | Reached skill level 5 in Fighting
   568 | D:1      | Reached XP level 3. HP: 22/36 MP: 3/3
  1425 | D:2      | Found a burning altar of Makhleb.
  1484 | D:2      | Found a runed door.
  1558 | D:2      | Noticed Natasha
  1570 | D:2      | Killed Natasha
  1570 | D:2      | Reached XP level 4. HP: 28/42 MP: 4/4
  1847 | D:2      | Noticed Crazy Yiuf
  1859 | D:2      | Killed Crazy Yiuf
  2244 | D:3      | Reached XP level 5. HP: 48/50 MP: 5/5
  2431 | D:3      | Noticed Robin
  2494 | D:3      | Killed Robin
  2940 | D:3      | Learned a level 3 spell: Spider Form
  3177 | D:4      | Reached skill level 1 in Unarmed Combat
  3189 | D:4      | Reached skill level 1 in Spellcasting
  3217 | D:4      | Noticed Duvessa
  3218 | D:4      | Noticed Dowan
  3247 | D:4      | Killed Duvessa
  3247 | D:4      | Reached skill level 1 in Transmutations
  3247 | D:4      | Reached XP level 6. HP: 16/57 MP: 8/8
  3611 | D:4      | Noticed Edmund
  3624 | D:4      | Killed Edmund
  3660 | D:5      | Entered Level 5 of the Dungeon
  3682 | D:5      | Your scales start taking on a dull iron-grey colour.
  3682 | D:5      | Reached XP level 7. HP: 19/63 MP: 10/10
  3682 | D:5      | Gained mutation: You can survive without breathing. [Grey Draconian growth]
  3998 | D:4      | Found a staircase to the Ecumenical Temple.
  4057 | Temple   | Entered the Ecumenical Temple
  4095 | Temple   | Became a worshipper of the Wu Jian Council
  4151 | D:4      | You fall through a shaft for 3 floors!
  4388 | D:7      | p0werm0de: wu jian OP !
  4504 | D:7      | p0werm0de: !hs * dras
  4504 | D:7      | beem: 1754. p0werm0de the Sensei (L27 DrAs of Wu Jian), escaped with the Orb and 15 runes on 2017-07-18 08:53:53, with 36831256 points after 39845 turns and 5:58:42.
  4504 | D:7      | namelastname112: he's cool
  4506 | D:7      | p0werm0de: dragon form gogo
  4664 | D:6      | p0werm0de: then just walk through the game
  4745 | D:5      | p0werm0de: fat dragon stomping everything
  4864 | D:5      | p0werm0de: and walljumping
  4877 | D:5      | namelastname112: if i find it
  4913 | D:5      | p0werm0de: https://www.youtube.com/watch?v=2S0_pz2hnSE
  4949 | D:5      | p0werm0de: gogo
  4953 | D:5      | Reached * piety under Wu Jian
  4953 | D:5      | Reached XP level 8. HP: 67/70 MP: 13/13
  5549 | D:6      | Reached skill level 5 in Unarmed Combat
  5642 | D:6      | Reached ** piety under Wu Jian
  5667 | D:6      | Reached skill level 5 in Transmutations
  5901 | D:6      | p0werm0de: best vid ever
  5901 | D:6      | p0werm0de: chekk it
  5937 | D:6      | namelastname112: you need to like
  5937 | D:6      | namelastname112: watch the movie "videodrome"
  5937 | D:6      | p0werm0de: kk
  6080 | D:7      | Reached skill level 5 in Spellcasting
  6088 | D:7      | Found the +10 dark maul {crush}
  6113 | D:7      | namelastname112: lol dark mail
  6113 | D:7      | namelastname112: maul
  6199 | D:7      | Reached XP level 9. HP: 54/75 MP: 16/16
  6393 | D:7      | Learned a level 5 spell: Blade Hands
  6398 | D:7      | Learned a level 4 spell: Ice Form
  6833 | D:7      | Gained mutation: Your muscles are strong. (Str +2) [mutagenic meat]
  6834 | D:7      | Gained mutation: You possess an exceptional clarity of mind. [mutagenic meat]
  6835 | D:7      | Gained mutation: You have large cloven feet. [mutagenic meat]
  7155 | D:7      | p0werm0de: thats good with wu
  7157 | D:7      | p0werm0de: ;D
  7188 | D:7      | p0werm0de: i saw ASDU use it on a tengu of wu
  7207 | D:7      | namelastname112: LOL
  7207 | D:7      | namelastname112: shiiit
  7207 | D:7      | p0werm0de: maul is on your head
  7207 | D:7      | namelastname112: that's sick
  7250 | D:7      | Found a sacrificial altar of Ru.
  7307 | D:7      | p0werm0de: ye
  7313 | D:7      | p0werm0de: mmhh
  7313 | D:7      | namelastname112: too slow
  7315 | D:7      | p0werm0de: still need skill
  7321 | D:7      | namelastname112: hm
  7321 | D:7      | p0werm0de: 28
  7321 | D:7      | p0werm0de: ;DD
  7321 | D:7      | p0werm0de: you know its shit Dr without shield
  7321 | D:7      | namelastname112: dunno if i wanna do it
  7321 | D:7      | p0werm0de: will die
  7321 | D:7      | p0werm0de: but its sure fun
  7321 | D:7      | namelastname112: yeah
  7321 | D:7      | namelastname112: that's the point
  7322 | D:7      | namelastname112: well
  7322 | D:7      | namelastname112: let's do it anyway
  7483 | D:8      | Reached skill level 3 in Maces & Flails
  7493 | D:8      | Reached *** piety under Wu Jian
  7897 | D:8      | Reached skill level 4 in Maces & Flails
  8014 | D:8      | Found Darhy's General Store.
  8351 | D:8      | Found a shadowy altar of Dithmenos.
  8417 | D:8      | Noticed Erica
  8420 | D:8      | Killed Erica
  8420 | D:8      | Reached skill level 5 in Maces & Flails
  8420 | D:8      | Reached XP level 10. HP: 86/86 MP: 18/18
  8517 | D:9      | Found a white marble altar of Elyvilon.
  8518 | D:9      | Found a shattered altar of Ashenzari.
  8518 | D:9      | Found a sparkling altar of Nemelex Xobeh.
  9085 | D:9      | Found a staircase to the Orcish Mines.
  9086 | D:9      | Reached skill level 6 in Maces & Flails
  9142 | D:9      | Found Bexzur's Weapon Boutique.
  9317 | D:10     | Entered Level 10 of the Dungeon
  9317 | D:10     | Noticed a two-headed ogre
  9319 | D:10     | Killed a two-headed ogre
  9319 | D:10     | Reached skill level 5 in Dodging
  9372 | D:10     | Found a staircase to the Lair.
  9740 | D:10     | Reached skill level 7 in Maces & Flails
 10629 | D:11     | Reached skill level 8 in Maces & Flails
 10990 | D:11     | Killed an unseen horror
 10990 | D:11     | Reached XP level 11. HP: 49/95 MP: 19/19
 10991 | D:11     | Reached **** piety under Wu Jian
 11487 | D:11     | Reached skill level 9 in Maces & Flails
 11869 | D:11     | Noticed a white ugly thing
 11876 | D:11     | Killed a white ugly thing
 11910 | D:11     | Noticed a skeletal warrior
 11932 | D:11     | Noticed a skeletal warrior
 12165 | Lair:1   | Entered Level 1 of the Lair of Beasts
 12591 | Lair:1   | Reached skill level 10 in Maces & Flails
 13175 | Lair:1   | Noticed a wolf spider
 13361 | Lair:1   | Killed a wolf spider
 13361 | Lair:1   | Reached skill level 11 in Maces & Flails
 13788 | Lair:2   | Noticed Fannar
 13793 | Lair:2   | Killed Fannar
 13826 | Lair:2   | Found a frozen archway.
 13833 | IceCv    | Entered an ice cave
 14293 | IceCv    | Reached skill level 12 in Maces & Flails
 14296 | IceCv    | Reached XP level 12. HP: 71/104 MP: 20/20
 14796 | IceCv    | Reached skill level 13 in Maces & Flails
 15487 | IceCv    | Noticed a frost giant
 15508 | IceCv    | Killed a frost giant
 15509 | IceCv    | Reached ***** piety under Wu Jian
 15512 | IceCv    | Reached skill level 14 in Maces & Flails
 15734 | Lair:2   | Slain by a spiny frog

Vault maps used:
D:1:      sevenhm_arrival_forest_fort_small_6
D:2:      lemuel_doored_altar, first_bread, uniq_crazy_yiuf_cottage,
          uniq_natasha
D:3:      kennysheep_goblin_castle
D:4:      gammafunk_temple_overflow_pools, minmay_temple_entry_junction,
          grunt_ministairs_13, kennysheep_generic_room_13, uniq_edmund,
          uniq_duvessa
D:6:      lemuel_ratsnest
D:7:      nicolae_ru_awakened_eye, the_bakery
D:8:      serial_shops, shop, minmay_statues_item,
          grunt_dithmenos_smoke_and_mirrors, uniq_erica
D:9:      grunt_temple_overflow_open, orc_david_3
D:10:     minmay_lair_entry_lava
Temple:   regret_index_temple_waves
Lair:1:   minmay_lair_venomous_thicket
Lair:2:   portal_ice_cave_entry_pillars_2, serial_bayou_pond_e, uniq_fannar
IceCv:    ice_cave_caverns_03

Skill      XL: |  1  2  3  4  5  6  7  8  9 10 11 12 |
---------------+-------------------------------------+-----
Dodging        | 1 2 3 4 6 |  6.6
Fighting       | 5 6 7 8 9 |  9.3
Unarmed Combat | 2 4 6 7 |  7.1
Spellcasting   | 1 2 3 5 |  5.7
Transmutations | 1 2 4 5 6 |  6.3
Maces & Flails | 5 8 12 14 | 14.4
Bows           | |  1.7
Shields        | |  1.0
Evocations     | |  1.0

Action                   |  1- 3 |  4- 6 |  7- 9 | 10-12 || total
-------------------------+-------+-------+-------+-------++-------
Melee: Mace              |    17 |       |       |       ||    17
       Short sword       |    96 |   175 |   366 |       ||   637
       Tailslap          |     6 |    20 |    48 |    17 ||    91
       Punch             |       |     2 |     7 |       ||     9
       Unarmed           |       |       |    70 |       ||    70
       Kick              |       |       |    13 |    55 ||    68
       Maul              |       |       |    12 |   299 ||   311
 Cast: Spider Form       |       |       |     2 |       ||     2
       Blade Hands       |       |       |     2 |       ||     2
Evoke: Wand              |       |       |       |     3 ||     3
  Use: Potion            |       |     1 |     1 |     3 ||     5
       Scroll            |       |       |    15 |     3 ||    18
 Stab: Invisible         |       |     1 |       |       ||     1
       Sleeping          |       |       |     1 |       ||     1
       Paralysed         |       |       |       |     1 ||     1
  Eat: Chunk             |     1 |     6 |    20 |     9 ||    36
       Royal jelly       |       |     1 |       |       ||     1
       Meat ration       |       |       |       |     3 ||     3
Armor: Skin              |    36 |    65 |   192 |   282 ||   575
Dodge: Dodged            |    71 |   144 |   348 |   612 ||  1175
